 Dungeon Crawl Stone Soup version 0.25.1-2-g60ff931df9 (console) character file.

Game seed: 5406917506990448499

47 Colgate the Skirmisher (level 3, 36/36 HPs)
             Began as a Hill Orc Abyssal Knight on Aug 24, 2020.
             Was a Believer of Lugonu.
             Quit the game on level 2 of the Dungeon.
             The game lasted 00:22:57 (2072 turns).

Colgate the Skirmisher (Hill Orc Abyssal Knight)    Turns: 2072, Time: 00:22:57

Health: 36/36      AC:  3    Str: 12 (14) XL:     3   Next: 70%
Magic:  4/4        EV: 11    Int: 10 (12) God:    Lugonu [**....]
Gold:   65         SH:  0    Dex:  8 (11) Spells: 2/2 levels left

rFire    . . .     SeeInvis .   j - +0 flail
rCold    + . .     Gourm    .   (no shield)
rNeg     . . .     Faith    .   b - +0 leather armour
rPois    .         Spirit   .   (no helmet)
rElec    .         Reflect  .   (no cloak)
rCorr    .         Harm     .   (no gloves)
MR       .....                  (no boots)
Stlth    +.........             (no amulet)
HPRegen  0.12/turn              s - ring of protection from cold
MPRegen  0.09/turn              (no ring)

@: no status effects
A: no striking features
a: Depart the Abyss, Bend Space, Renounce Religion


You were on level 2 of the Dungeon.
You worshipped Lugonu.
Lugonu was pleased with you.
You were not hungry.

You visited 1 branch of the dungeon, and saw 2 of its levels.
You visited the Abyss 1 time.

You collected 65 gold pieces.

Inventory:

Hand Weapons
 a - a +1 hand axe
 j - a +0 flail (weapon)
Missiles
 i - 89 stones (quivered)
 n - 41 bolts
 o - 27 arrows
 p - 47 sling bullets
Armour
 b - a +0 leather armour (worn)
Jewellery
 s - a ring of protection from cold (left hand)
Scrolls
 d - 2 scrolls of magic mapping
 e - a scroll of remove curse
 f - a scroll of fog {unknown}
 g - a scroll of identify
 h - a scroll of amnesia {unknown}
 l - a scroll of teleportation {unknown}
 r - a scroll of fear {unknown}
Potions
 k - 2 potions of lignification
Comestibles
 c - 6 rations
 t - 6 chunks of flesh


   Skills:
 + Level 5.1 Fighting
 - Level 3.0 Axes
 - Level 1.0 Throwing
 - Level 2.1 Armour
 - Level 0.7 Dodging
 - Level 2.4 Invocations


You had 2 spell levels left.
You didn't know any spells.
Your spell library was empty.

Dungeon Overview and Level Annotations

Branches:
Dungeon (2/15)

Altars:


Message History

Press: ? - help, Shift-Dir - straight line, f/p - kobold
Aim: a kobold, wielding a +0 dagger of venom You throw a stone.
The stone closely misses the kobold.
Throwing (i - inventory)
i - 92 stones (quivered)
Press: ? - help, Shift-Dir - straight line, f/p - kobold
Aim: a kobold, wielding a +0 dagger of venom You throw a stone.
The stone closely misses the kobold.
Throwing (i - inventory)
i - 91 stones (quivered)
Press: ? - help, Shift-Dir - straight line, f/p - kobold
Aim: a kobold, wielding a +0 dagger of venom You throw a stone.
The stone hits the kobold.
The kobold is heavily wounded.
Throwing (i - inventory)
i - 90 stones (quivered)
Press: ? - help, Shift-Dir - straight line, f/p - kobold
Aim: a kobold, wielding a +0 dagger of venom (moderately wounded)
You throw a stone. The stone closely misses the kobold.
You sock the kobold!
You kill the kobold!
Lugonu accepts your kill.
Are you sure you want to abandon this character and quit the game? (Confirm with "yes".)

###.#...........,,,* *,
#.#.....#.....,,,* *,
#.#.....#,....,,,******
#.##.#.##,,...,,,**,,,*
#.##.#.#*,,,..,,,**,*<*
#.*#.#.#*,,,,.,,,**,***
*,,..#.#*,,,,,,,,,,,,,*
****#######.#######*****,*,*
*,,,...............,,,,,,,,*
*,**#######.######.*,,,*,,,* *,*
#@#**,**,*,,,,,,,* *****,*****
#)#,,,,,,,,,,,,,,* *,,,*,,,,,*
#.#,*,****,*,,*,,,
*,*,*****,****#(#,,,,,,,,,,,*,**
**,*,,,,,,,,,,,...,,,,,,,,,,,,<,*
,,,*******,****#.#*******,****,**
**,** *,* #.# *,,,,,,,,,,** ,,,,*
*,****#(# *,***,******* *****
*,,,,,,,* *,***,,,,,,,, *********
*,,,,,,,,,,,, *************


There were no monsters in sight!

Vanquished Creatures
  An adder (D:2)
  A dart slug (D:1)
  2 giant cockroaches
  2 goblins
  13 hobgoblins (D:1)
  3 jackals (D:2)
  A kobold (D:2)
  5 bats
  A frilled lizard (D:1)
  A rat (D:2)
30 creatures vanquished.

Notes
Turn   | Place    | Note
-------+----------+-------------------------------------------
     0 | Abyss:1  | Colgate the Hill Orc Abyssal Knight began the quest for the
                  | Orb.
     0 | Abyss:1  | Reached XP level 1. HP: 19/19 MP: 2/2
    25 | D:1      | Escaped the Abyss
   415 | D:1      | Reached skill level 4 in Fighting
   570 | D:1      | Reached XP level 2. HP: 9/27 MP: 3/3
  1621 | D:1      | Reached skill level 5 in Fighting
  1621 | D:1      | Reached XP level 3. HP: 36/36 MP: 4/4
  1892 | D:2      | Reached ** piety under Lugonu
  1892 | D:2      | Reached skill level 1 in Throwing
  2072 | D:2      | Quit the game

Illustrated notes

Levels and vault maps discovered:
D:1:      minmay_arrival_jagged, layout_loops_corners, roderic_roman_lattice
D:2:      layout_basic, fedhas_altar_3, dancing_weapons_uskayaw

Skill      XL: |  1  2  3 |
---------------+----------+-----
Fighting       | 4 5 |  5.1
Axes           | 3 |  3.0
Throwing       | 1 |  1.0
Armour         | |  2.1
Dodging        | |  0.7
Invocations    | |  2.4

Action                   || total
-------------------------++-------
Melee: Hand axe          ||   137
       Flail             ||     1
Throw: Stone             ||    63
  Use: Potion            ||     4
       Scroll            ||     2
  Eat: Chunk             ||     4
Armor: Leather armour    ||    33
       Skin              ||    20
Dodge: Dodged            ||    64
